 Dungeon Crawl Stone Soup version 0.22.1-1-ga44c0e56f4 (webtiles) character file.

356 blawa the Ruffian (level 6, -18/61 HPs)
             Began as a Troll Monk on Oct 17, 2018.
             Was a Believer of Nemelex Xobeh.
             Demolished by an ogre
             ... wielding a +0 giant spiked club
              (22 damage)
             ... on level 4 of the Dungeon.
             The game lasted 00:27:05 (1901 turns).

blawa the Ruffian (Troll Monk)                      Turns: 1901, Time: 00:27:05

Health: -18/61     AC:  5    Str: 22    XL:     6   Next: 36%
Magic:  14/14      EV: 11    Int:  6    God:    Nemelex Xobeh [**....]
Gold:   137        SH:  0    Dex: 12    Spells: 5/5 levels left

rFire    . . .     SeeInvis .     - Unarmed
rCold    . . .     Gourm    +   (no shield)
rNeg     . . .     Faith    .   m - +0 robe (curse)
rPois    .         Spirit   .   (helmet restricted)
rElec    .         Reflect  .   (no cloak)
rCorr    .         Harm     .   (gloves unavailable)
MR       .....                  (boots unavailable)
Stlth    ++........             (no amulet)
HPRegen  0.60/turn              c - ring of wizardry
MPRegen  0.14/turn              h - ring of magical power

@: no status effects
A: large, unfitting armour, claws 3, fast metabolism 3, gourmand, regeneration
1, shaggy fur 1, tough skin 2
a: Renounce Religion


You were on level 4 of the Dungeon.
You worshipped Nemelex Xobeh.
Nemelex Xobeh was pleased with you.
You were completely stuffed.

You visited 1 branch of the dungeon, and saw 4 of its levels.

You collected 137 gold pieces.

Inventory:

Hand Weapons
 e - a +0 short sword
Missiles
 f - 78 stones (quivered)
Armour
 a - a +0 robe
 m - a cursed +0 robe (worn)
 q - a +0 ring mail
 t - a +2 scale mail of poison resistance
Jewellery
 c - a ring of wizardry (left claw)
 h - a ring of magical power (right claw)
Scrolls
 g - 5 scrolls of remove curse {unknown}
 i - 5 scrolls of enchant armour {unknown}
 j - 6 scrolls of identify {unknown}
 k - a scroll of magic mapping {unknown}
 l - a scroll of blinking {unknown}
 n - a scroll of teleportation {unknown}
 v - a scroll of immolation {unknown}
Potions
 o - a potion of agility {unknown}
 p - a potion of curing {unknown}
 r - a potion of cancellation {unknown}
 u - 2 potions of lignification {unknown}
Miscellaneous
 d - a plain deck of destruction
 s - a plain deck of escape
 x - a plain deck of summoning
Comestibles
 b - 3 rations


   Skills:
 + Level 3.0 Fighting
 + Level 3.6 Dodging
 + Level 1.5 Stealth
 + Level 5.5 Unarmed Combat


You had 5 spell levels left.
You didn't know any spells.
Your spell library was empty.

Dungeon Overview and Level Annotations

Branches:
Dungeon (4/15)
 Temple: D:4-7

Altars:
Elyvilon
Nemelex Xobeh
Uskayaw


Innate Abilities, Weirdness & Mutations

You are too large for most types of armour.
You have claws for hands.
Your metabolism is lightning-fast.
You like to eat raw meat.
Your natural rate of healing is unusually fast.
You are covered in fur. (AC +1)
You have very tough skin. (AC +2)


Message History

The orc is severely wounded.
The orc closely misses you.
You scratch the orc.
You kill the orc!
You claw the orc!
You kill the orc!
The ogre hits you with a giant spiked club!!
* * * LOW HITPOINT WARNING * * *
Things that are here:
a short sword; an orc corpse x2
You claw the ogre!
The ogre is heavily wounded.
The ogre barely misses you.
You claw the ogre!
The ogre is almost dead.
You scratch the ogre but do no damage.
The ogre is almost dead.
The ogre hits you with a giant spiked club!!
You die...
Your body disappears without a glow.

#.. #.# #.# #.# #.#
#.#######..##
#############.#..........
......oO@.......####.....
###....#######..# ...#
#.... #..# #.## #....
#..## #.# #.... #...##
+#.#+ ...... #....###...#
###.... #........8..
##### ##...###...# #..##
+#.#+


You could see an ogre and an orc.

Vanquished Creatures
  Menkaure (D:4)
  A hound (D:4)
  An orc wizard (D:4)
  5 adders
  4 gnolls (D:3)
  An ooze (D:3)
  2 dart slugs (D:3)
  2 leopard geckos (D:2)
  3 orcs
  2 ball pythons
  10 bats
  7 giant cockroaches
  8 goblins
  8 hobgoblins
  4 jackals (D:2)
  A quokka (D:3)
  5 frilled lizards
  10 kobolds
  4 rats
79 creatures vanquished.

Notes
Turn   | Place    | Note
-------+----------+-------------------------------------------
     0 | D:1      | blawa the Troll Monk began the quest for the Orb.
     0 | D:1      | Reached XP level 1. HP: 22/22 MP: 0/0
   121 | D:1      | Reached XP level 2. HP: 29/29 MP: 1/1
   558 | D:2      | Reached XP level 3. HP: 23/36 MP: 2/2
   894 | D:2      | Reached XP level 4. HP: 39/44 MP: 3/3
  1117 | D:3      | Reached skill level 4 in Unarmed Combat
  1133 | D:3      | Reached XP level 5. HP: 39/52 MP: 4/4
  1187 | D:3      | Found a sparkling altar of Nemelex Xobeh.
  1299 | D:3      | Became a worshipper of Nemelex Xobeh the Trickster
  1299 | D:3      | Received a gift from Nemelex Xobeh
  1299 | D:3      | Reached * piety under Nemelex Xobeh
  1299 | D:3      | Received a gift from Nemelex Xobeh
  1299 | D:3      | Reached ** piety under Nemelex Xobeh
  1615 | D:4      | Found a hide-covered altar of Uskayaw.
  1615 | D:4      | Found a white marble altar of Elyvilon.
  1730 | D:4      | Received a gift from Nemelex Xobeh
  1754 | D:4      | Noticed Menkaure
  1759 | D:4      | Killed Menkaure
  1759 | D:4      | Reached skill level 5 in Unarmed Combat
  1759 | D:4      | Reached XP level 6. HP: 8/61 MP: 5/5
  1898 | D:4      | HP: 2/61 [ogre/giant spiked club (22)]
  1901 | D:4      | Demolished by an ogre

Skill      XL: |  1  2  3  4  5 |
---------------+----------------+-----
Dodging        | 3 |  3.6
Unarmed Combat | 4 5 |  5.5
Fighting       | 3 |  3.0
Stealth        | |  1.5

Action                   |  1- 3 |  4- 6 || total
-------------------------+-------+-------++-------
Melee: Unarmed           |   118 |    92 ||   210
       Punch             |     3 |     1 ||     4
  Use: Potion            |     2 |       ||     2
 Stab: Sleeping          |     3 |     1 ||     4
  Eat: Chunk             |    12 |    11 ||    23
Armor: Robe              |    56 |    16 ||    72
Dodge: Dodged            |    83 |    50 ||   133
